 Dungeon Crawl Stone Soup version 0.32-a0-30-gefbe487952 (webtiles) character file.

Game seed: 16557305481216354985

89149 GenialerGandalf the Executioner (level 15, -10/146 HPs)
             Began as a Hill Orc Fighter on Jan 18, 2024.
             Was a High Priest of Beogh.
             Mangled by a goliath frog (13 damage)
             ... on level 1 of the Swamp on Jan 19, 2024.
             The game lasted 02:42:34 (32488 turns).

GenialerGandalf the Executioner (Hill Orc Fighter) Turns: 32488, Time: 02:42:36

Health: -10/146    AC: 27    Str: 27    XL:     15   Next: 96%
Magic:  0/17       EV:  9    Int: 11    God:    Beogh [*****.]
Gold:   1204       SH:  6    Dex: 10    Spells: 14/14 levels left

rFire   + . .        Z - +5 broad axe (flame)
rCold   + . .        c - +0 buckler
rNeg    . . .        A - +2 chain mail {rF+}
rPois   .            W - +2 helmet {Int+3}
rElec   +            z - +1 cloak
rCorr   +            J - +0 pair of gloves
SInv    .            (no boots)
Will    +....        i - amulet "Xadeown" {Spirit rElec} Stlth
                     X - ring of Quanelu {^Drain Fly rC+ rCorr Stlth+}
HPRegen 0.44/turn    L - +4 ring of protection
MPRegen 0.15/turn

%: guardian spirit
@: flying
A: walk on water
a: Renounce Religion, Smiting, Recall Orcish Followers, Give Item to Named
Follower


You were on level 1 of the Swamp.
You worshipped Beogh.
Beogh was extremely pleased with you.
You visited 5 branches of the dungeon, and saw 24 of its levels.
You also visited: Sewer, Ossuary, Gauntlet and Ice Cave.

You collected 2603 gold pieces.
You spent 1399 gold pieces at shops.

Inventory:

Hand Weapons
 d - the +1 war axe of Vanity {speed, rElec Str+2}
   (You bought it in a shop on level 1 of the Dungeon)

   Str+2:     It affects your strength (+2).
   rElec:     It insulates you from electricity.
 R - the +0 broad axe of the Imperium {flame, Int+2}
   (You found it on level 3 of the Lair of Beasts)

   Int+2:     It affects your intelligence (+2).
 Z - a +5 broad axe of flaming (weapon)
Missiles
 M - 4 throwing nets (quivered)
Armour
 c - a +0 buckler (worn)
 z - a +1 cloak (worn)
 A - a +2 chain mail of fire resistance (worn)
 J - a +0 pair of gloves (worn)
 W - a +2 helmet of intelligence (worn)
Jewellery
 g - an amulet of regeneration
 i - the amulet "Xadeown" (around neck) {Spirit rElec}
   (You took it off a minotaur in a Gauntlet)

   [amulet of guardian spirit]

   Spirit:    It causes incoming damage to be divided between your reserves of
   health and magic.
   rElec:     It insulates you from electricity.
 l - an amulet of the acrobat
 w - a ring of willpower
 x - a +4 ring of protection
 L - a +4 ring of protection (right hand)
 O - a ring of see invisible
 U - a ring of protection from fire
 X - the ring of Quanelu (left hand) {^Drain Fly rC+ rCorr Stlth+}
   (You found it in a Gauntlet)

   [ring of protection from cold]

   rC+:       It protects you from cold.
   Fly:       It grants you flight.
   rCorr:     It protects you from acid and corrosion.
   ^Drain:    It drains your maximum health when unequipped.
   Stlth+:    It makes you more stealthy.
Wands
 b - a wand of digging (3)
 e - a wand of charming (5)
 s - a wand of polymorph (18)
 E - a wand of roots (23)
 N - a wand of acid (18)
 T - a wand of flame (60)
 V - a wand of mindburst (2)
Scrolls
 f - 4 scrolls of amnesia
 k - 8 scrolls of fear
 p - 4 scrolls of vulnerability
 u - 15 scrolls of teleportation
 v - a scroll of immolation
 y - 5 scrolls of fog
 C - 3 scrolls of blinking
 D - 8 scrolls of revelation
 G - 3 scrolls of enchant armour
 H - a scroll of poison
 P - 7 scrolls of identify
 S - 2 scrolls of summoning
 Y - a scroll of silence
Potions
 a - a potion of ambrosia
 h - 4 potions of mutation
 j - a potion of magic
 m - 4 potions of curing
 n - 6 potions of brilliance
 o - 4 potions of enlightenment
 q - 3 potions of resistance
 t - 3 potions of haste
 B - a potion of cancellation
 I - a potion of might
 K - 2 potions of lignification
Miscellaneous
 F - a tin of tremorstones (2/2)
 Q - a box of beasts


   Skills:
 * Level 16.9 Fighting
 * Level 21.6 Axes
 * Level 15.7 Armour
 * Level 11.5 Shields
 + Level 3.1 Invocations


You had 14 spell levels left.
You didn't know any spells.
Your spell library contained the following spells:

 Spells                   Type           Power      Damage    Failure   Level
 Apportation              Tloc           0%         N/A       75%         1
 Foxfire                  Conj/Fire      0%         2x1d4     75%         1
 Magic Dart               Conj           0%         1d3       75%         1
 Shock                    Conj/Air       0%         1d3       75%         1
 Summon Small Mammal      Summ           0%         N/A       75%         1
 Jinxbite                 Hex            0%         N/A       87%         2
 Searing Ray              Conj           0%         2d4       87%         2
 Call Canine Familiar     Summ           0%         N/A       98%         3
 Swiftness                Air            0%         N/A       98%         3
 Tukima's Dance           Hex            0%         N/A       98%         3
 Airstrike                Air            0%         2d(0-16)  100%        4
 Anguish                  Hex/Necr       0%         N/A       100%        4
 Cause Fear               Hex            0%         N/A       100%        4
 Fulminant Prism          Conj/Alch      0%         3d5       100%        4
 Leda's Liquefaction      Alch/Erth      0%         N/A       100%        4
 Manifold Assault         Tloc           0%         N/A       100%        4
 Passage of Golubria      Tloc           0%         N/A       100%        4
 Summon Blazeheart Golem  Fire/Summ      0%         N/A       100%        4
 Alistair's Intoxication  Alch           0%         N/A       100%        5
 Lee's Rapid Deconstruct  Erth           0%         3d4*      100%        5
 Summon Forest            Summ/Tloc      0%         N/A       100%        5
 Summon Mana Viper        Hex/Summ       0%         N/A       100%        5
 Yara's Violent Unravell  Hex/Alch       0%         3d3       100%        5
 Bombard                  Conj/Erth      0%         9d1       100%        6
 Dispersal                Tloc           0%         N/A       100%        6
 Plasma Beam              Fire/Air       0%         2x1d10    100%        6
 Starburst                Conj/Fire      0%         6d3       100%        6
 Summon Cactus Giant      Summ           0%         N/A       100%        6
 Enfeeble                 Hex            0%         N/A       100%        7
 Disjunction              Tloc           0%         N/A       100%        8


Dungeon Overview and Level Annotations

Branches:
Dungeon (15/15)            Temple (1/1) D:6            Lair (5/5) D:11
  Swamp (1/4) Lair:3       Spider (0/4) Lair:3        Slime (0/5) Lair:5
    Orc (2/2) D:11            Elf (0/3) Orc:2        Vaults (0/5) D:13
 Depths (0/4) D:15          Sewer (visited)         Ossuary (visited)
  IceCv (visited)         Gauntlet (visited)

Altars:
Ashenzari
Cheibriados
Dithmenos
Elyvilon
Fedhas
Gozag
Hepliaklqana
Kikubaaqudgha
Makhleb
Nemelex Xobeh
Okawaru
Qazlal
Ru
Sif Muna
Trog
Uskayaw
Vehumet
Wu Jian
Xom
Yredelemnul
Zin
The Shining One
Jiyva

Shops:
D:1 ?=?([   D:4 !   D:5 *   D:8 (   D:10 (   Orc:2 :[!*

Portals:
Pandemonium: Orc:2

Annotations:
D:10 3 runed translucent doors
Lair:3 exclusion: oklob plant
Swamp:1 Kirke


Message History

The goliath frog hits you but does no damage.
The bunyip claws you but does no damage.
The bunyip claws you!
* * * LOW HITPOINT WARNING * * *
The bunyip claws you.
* * * LOW HITPOINT WARNING * * *
You feel much better. The hog barely misses you.
The spriggan rider hits you from afar with a +0 spear!
* * * LOW HITPOINT WARNING * * *
A seven-headed hydra comes into view.
The will-o-the-wisp gestures.
The will-o-the-wisp conjures some marshlight!
The goliath frog hits you from afar.
* * * LOW HITPOINT WARNING * * *
You are splashed with acid.
You resist.
* * * LOW HITPOINT WARNING * * *
You block the hog's attack. 2 foxfires come into view.
The seven-headed hydra roars!
You slice the bunyip!! You burn the bunyip.
You kill the bunyip!
Beogh accepts your kill.
You slash the hog! You burn the hog.
You kill the hog!
Beogh accepts your kill. The foxfire hits you. You resist.
* * * LOW HITPOINT WARNING * * *
The foxfire hits you. You resist.
* * * LOW HITPOINT WARNING * * *
You block the spriggan rider's attack.
A hog comes into view. x2
The goliath frog hits you but does no damage.
The hog squeals angrily.
You hear an angry squeal.
The spriggan rider hits you from afar with a +0 spear.
* * * LOW HITPOINT WARNING * * *
The spriggan rider hits you from afar with a +0 spear!
* * * LOW HITPOINT WARNING * * *
The will-o-the-wisp engulfs you but does no damage.
The goliath frog hits you from afar!
You die...

.~~~~~♣...~~~ .
..~~~~.~.~~ .
~~ ~~..~§~.§ ~~
~~~ ....~§.♣~~~
~.~ ..~~~..~..
~ ~. ..~~~~D.~
~.~~♣§♣.~i~~~~~
~§.~~~~@vFi~~~~
~~~~.~~§§i~~~~.
.~.~~~~.§§~..~.
.~.~~...@§.♣♣♣[
~~...♣.~~~h♣
~~.~~..~~~.♣
~.~~ .~~h..~
.~♣~~~§..~h§$


You could see Kirke, a seven-headed hydra, 3 spriggan riders, a goliath frog, a
will-o-the-wisp and 3 hogs.

Vanquished Creatures
  Agnes (D:14)
  A frost giant (D:15)
  An eleionoma (Lair:3)
  A minotaur (Gauntlet)
  2 bunyips (Swamp:1)
  An ettin (Orc:2)
  2 fire dragons (D:15)
  Fannar (D:10)
  A vault guard (D:13)
  2 hydras
  2 rakshasas
  4 centaur warriors
  An ironbound frostheart (D:13)
  A catoblepas (D:13)
  A demonspawn (Orc:2)
  5 boulder beetles
  A death knight (D:13)
  The ghost of YordlordTheGreat the Summoner, a journeyman MfSu of Sif Muna (D:8)
  4 orc high priests (Orc:2)
  2 skysharks (Lair:5)
  A skeletal warrior (D:13)
  An arcanist (Gauntlet)
  An orc knight (Orc:2)
  Pikel (D:7)
  9 ugly things
  4 deep elf pyromancers
  2 cyclopes
  A moth of wrath (Gauntlet)
  A wolf spider (D:13)
  3 orc sorcerers
  A manticore (D:11)
  A black mamba (Lair:4)
  2 kobold blastminers (Orc:1)
  The ghost of hattey the Trooper, a novice HuWn (D:4)
  3 ice statues (IceCv)
  A gargoyle (D:13)
  16 cane toads
  5 komodo dragons
  5 rime drakes
  A freezing wraith (D:15)
  An ice devil (Orc:1)
  An anaconda simulacrum (IceCv)
  5 trolls
  3 tyrant leeches
  Prince Ribbit (D:7)
  14 blink frogs
  2 dream sheep (Lair:5)
  11 slime creatures
  A vampire (D:14)
  4 wyverns
  31 yaks
  A hog (Swamp:1)
  A hog (shapeshifter) (D:13)
  2 wraiths
  2 humans (D:13)
  2 wargs
  4 basilisks
  Menkaure (D:5)
  A death yak simulacrum (IceCv)
  2 harpy simulacra (IceCv)
  5 vampire mosquitoes
  2 swamp worms (Gauntlet)
  The ghost of kal9871 the Changeling, an amateur OpSh (D:3)
  2 acid dragons
  A hydra simulacrum (IceCv)
  9 water moccasins
  A meliai simulacrum (D:15)
  5 orc warriors
  2 sky beasts
  A swamp drake (Swamp:1)
  The ghost of Malachi the Ruffian, an amateur TrSh (D:3)
  The ghost of mrali the Chopper, an amateur MiBe of Trog (D:3)
  An ice beast (D:5)
  A sky beast (shapeshifter) (D:15)
  A black bear (Lair:1)
  5 ogres
  29 wolves
  The ghost of Jano the Trooper, an amateur DsFi (D:3)
  12 centaurs
  A phantom (D:7)
  The ghost of unrecovered the Changeling, an amateur OpSh of Uskayaw (D:3)
  3 lemures (D:7)
  3 kobold brigands
  Blork the orc (D:5)
  14 bullfrogs
  A gnoll sergeant (D:13)
  A cane toad simulacrum (IceCv)
  4 scorpions
  5 wights
  A burial acolyte (Ossuary)
  An elephant simulacrum (IceCv)
  10 killer bees
  5 electric eels
  4 bombardier beetles
  6 howler monkeys
  A hound (D:3)
  2 jellies
  Crazy Yiuf (D:7)
  8 orc priests
  2 gnoll boudas
  A sleepcap (D:5)
  An iguana (D:7)
  8 orc wizards
  A wolf simulacrum (IceCv)
  A mummy (Ossuary)
  20 gnolls
  11 adders
  2 white imps
  2 ufetubi (D:7)
  A ribbon worm (D:4)
  9 dart slugs
  9 orcs
  17 ball pythons
  6 bats
  8 endoplasms
  10 giant cockroaches
  11 hobgoblins
  20 kobolds
  9 quokkas
  3 training dummies (D:10)
  17 frilled lizards
  8 gnoll skeletons (Ossuary)
  3 goblins
  7 kobold skeletons (Ossuary)
  5 orc skeletons (Ossuary)
  12 rats
543 creatures vanquished.

Vanquished Creatures (collateral kills)
  Donald (Orc:2)
  The ghost of Morbidden the Grappler, a journeyman TrSh of Cheibriados (Orc:1)
  An orc warlord (Orc:1)
  An ettin (Orc:2)
  A vault guard (D:13)
  3 hydras
  An ogre mage (D:15)
  4 centaur warriors
  A demonspawn (Orc:2)
  A tengu warrior (D:15)
  A deep troll earth mage (D:15)
  2 orc high priests (Orc:2)
  A skyshark (Lair:5)
  A sun demon (Orc:2)
  A skeletal warrior (D:13)
  An orb spider (Lair:3)
  A deep elf pyromancer (D:15)
  3 orc knights
  An orc sorcerer (Orc:2)
  12 ugly things
  A black mamba (Lair:2)
  4 cane toads
  2 kobold blastminers (Orc:2)
  A gargoyle (D:11)
  2 unseen horrors
  A rime drake (Lair:5)
  A komodo dragon (Lair:3)
  A freezing wraith (D:13)
  A tyrant leech (Lair:5)
  2 ice devils
  3 trolls
  A red devil (Orc:2)
  A polar bear (Lair:5)
  2 dream sheep (Lair:5)
  11 blink frogs
  3 slime creatures
  A vampire (D:10)
  13 yaks
  2 wraiths (D:13)
  2 wyverns
  A human (shapeshifter) (D:13)
  5 vampire mosquitoes
  2 wargs
  4 basilisks
  2 acid dragons
  7 water moccasins
  13 orc warriors
  2 ogres (Orc:1)
  7 wolves
  2 centaurs
  5 bullfrogs
  A wight (D:8)
  A killer bee (D:11)
  2 electric eels (Lair:5)
  3 howler monkeys (D:13)
  4 orc priests (Orc:2)
  5 orc wizards
  2 gnolls (D:13)
  13 orcs
  A butterfly (Lair:4)
176 creatures vanquished.

Vanquished Creatures (others)
  7 orc knights
  4 orc high priests (Orc:2)
  An arcanist (D:3)
  An orc sorcerer (Orc:1)
  11 orc priests
  19 orc warriors
  9 orc wizards
  49 orcs
  8 foxfires (Swamp:1)
109 creatures vanquished.

Grand Total: 828 creatures vanquished

Notes
Turn   | Place    | Note
-------+----------+-------------------------------------------
     0 | D:1      | GenialerGandalf the Hill Orc Fighter began the quest for
                  | the Orb.
     0 | D:1      | Reached XP level 1. HP: 19/19 MP: 1/1
    80 | D:1      | Found Wuizi's Antique Armour Emporium.
    93 | D:1      | Reached XP level 2. HP: 27/27 MP: 2/2
   119 | D:1      | Found Yphutzy's Magic Scroll Boutique.
   247 | D:1      | Found Leclaxt's Jewellery Shop.
   354 | D:1      | Reached skill level 3 in Axes
   403 | D:1      | Found Cyskorr's Magic Scroll Shoppe.
   513 | D:1      | Reached XP level 3. HP: 33/33 MP: 3/3
   525 | D:1      | Found Qeroak's Antique Weapon Emporium.
  1452 | D:2      | Reached XP level 4. HP: 35/40 MP: 4/4
  1639 | D:2      | Reached skill level 4 in Axes
  2066 | D:3      | Reached XP level 5. HP: 45/46 MP: 5/5
  2087 | D:3      | Found a runed translucent gate.
  2087 | D:3      | Found a runed translucent gate.
  2087 | D:3      | Found a runed translucent gate.
  2091 | D:3      | Noticed mrali's ghost (amateur MiBe)
  2091 | D:3      | Noticed unrecovered's ghost (amateur OpSh)
  2092 | D:3      | Noticed Jano's ghost (amateur DsFi)
  2097 | D:3      | Noticed kal9871's ghost (amateur OpSh)
  2098 | D:3      | Noticed Malachi's ghost (amateur TrSh)
  2338 | D:3      | Reached skill level 5 in Axes
  2599 | D:3      | Reached XP level 6. HP: 51/53 MP: 6/6
  2866 | D:3      | Found a bloodstained altar of Trog.
  2867 | D:3      | Noticed a wizard
  2873 | D:3      | Killed a wizard
  3358 | D:4      | Found a blossoming altar of Fedhas.
  3358 | D:4      | Found an ornate altar of the Wu Jian Council.
  3358 | D:4      | Found a stormy altar of Qazlal.
  3605 | D:4      | Found a runed translucent door.
  3646 | D:4      | Found Tiaghiath's Distillery.
  3692 | D:4      | Found a sacrificial altar of Ru.
  3751 | D:4      | Reached skill level 6 in Axes
  3866 | D:4      | Found an iron altar of Okawaru.
  3866 | D:4      | Found a broken altar of Ashenzari.
  3931 | D:4      | Found a glowing silver altar of Zin.
  3950 | D:4      | Noticed hattey's ghost (novice HuWn)
  3967 | D:4      | Found a runed translucent door.
  4001 | D:4      | Killed hattey's ghost
  4002 | D:4      | Reached skill level 5 in Fighting
  4002 | D:4      | Reached skill level 7 in Axes
  4002 | D:4      | Reached skill level 5 in Armour
  4002 | D:4      | Reached XP level 7. HP: 29/61 MP: 7/7
  4327 | D:5      | Entered Level 5 of the Dungeon
  4350 | D:5      | Became a worshipper of Beogh the Brigand
  4364 | D:5      | Noticed Menkaure
  4384 | D:5      | Found a sand-covered staircase.
  4388 | Ossuary  | Entered an ossuary
  4629 | Ossuary  | Reached * piety under Beogh
  4708 | Ossuary  | Reached skill level 8 in Axes
  4708 | Ossuary  | Reached XP level 8. HP: 36/67 MP: 8/8
  4946 | D:5      | Reached skill level 5 in Shields
  4996 | D:5      | Noticed Blork the orc
  5002 | D:5      | Killed Menkaure
  5003 | D:5      | Reached skill level 9 in Axes
  5007 | D:5      | HP: 3/70 [Blork the orc/puff of flame (4)]
  5009 | D:5      | Killed Blork the orc
  5461 | D:5      | Found a hide-covered altar of Uskayaw.
  6003 | D:5      | Found Cemp's General Store.
  6202 | D:1      | Bought a fine war axe for 178 gold pieces
  6202 | D:1      | Identified the +1 war axe of Vanity {speed, rElec Str+2}
                  | (You bought it in a shop on level 1 of the Dungeon)
  6424 | D:6      | Reached skill level 10 in Axes
  6482 | D:6      | Reached ** piety under Beogh
  6484 | D:6      | Found a glowing drain.
  6497 | Sewer    | Entered a sewer
  6558 | Sewer    | Reached XP level 9. HP: 77/77 MP: 9/9
  6728 | Sewer    | Reached *** piety under Beogh
  7407 | D:6      | Found a staircase to the Ecumenical Temple.
  7413 | Temple   | Entered the Ecumenical Temple
  7591 | D:7      | Reached skill level 11 in Axes
  7727 | D:7      | Noticed Prince Ribbit
  7728 | D:7      | Noticed Pikel
  7729 | D:7      | Noticed a troll
  7760 | D:7      | Killed Pikel
  7761 | D:7      | Reached skill level 12 in Axes
  7791 | D:7      | Killed Prince Ribbit
  7802 | D:7      | Killed a troll
  7803 | D:7      | Reached XP level 10. HP: 69/88 MP: 10/10
  8575 | D:7      | Found a runed translucent door.
  8576 | D:7      | Noticed Crazy Yiuf
  8763 | D:7      | Killed Crazy Yiuf
  8980 | D:8      | Reached skill level 13 in Axes
  9098 | D:8      | Reached **** piety under Beogh
  9224 | D:8      | Found Wystrum's Hydra Hut.
  9227 | D:8      | Noticed a five-headed hydra
  9630 | D:8      | Noticed YordlordTheGreat's ghost (journeyman MfSu)
  9633 | D:8      | Found a runed translucent door.
  9669 | D:8      | Reached skill level 14 in Axes
 10499 | D:9      | Reached XP level 11. HP: 96/97 MP: 11/11
 10815 | D:10     | Entered Level 10 of the Dungeon
 10834 | D:10     | Identified the +0 plate armour "Gaowk" {*Corrode rN+ MP+9}
 10851 | D:10     | Found Metoker's Firing Range.
 10974 | D:10     | Reached skill level 15 in Axes
 11100 | D:10     | Found a runed translucent gate.
 11101 | D:10     | Noticed a cyan ugly thing
 11102 | D:10     | Found a runed translucent gate.
 11103 | D:10     | Found a runed translucent gate.
 11103 | D:10     | Noticed a red ugly thing
 11106 | D:10     | Noticed a red ugly thing
 11106 | D:10     | Noticed a red ugly thing
 11106 | D:10     | Noticed a red ugly thing
 11152 | D:10     | Found an opulent altar of Gozag.
 11201 | D:10     | Noticed Fannar
 11234 | D:10     | Killed Fannar
 12029 | D:11     | Noticed a manticore
 12040 | D:11     | Killed a manticore
 12104 | D:11     | Reached skill level 1 in Invocations
 12131 | D:11     | Found a staircase to the Lair.
 12195 | D:11     | Reached skill level 10 in Fighting
 12199 | D:11     | Reached skill level 16 in Axes
 12250 | D:11     | Reached ***** piety under Beogh
 12365 | D:11     | Found a staircase to the Orcish Mines.
 12563 | D:11     | Found a gate leading to a gauntlet.
 12570 | Gauntlet | Entered a Gauntlet
 12570 | Gauntlet | Noticed an arcanist
 12570 | Gauntlet | Found a transporter.
 12570 | Gauntlet | Found a transporter.
 12574 | Gauntlet | Found a transporter.
 12575 | Gauntlet | Found a transporter.
 12583 | Gauntlet | Found a transporter.
 12584 | Gauntlet | Noticed an oklob plant
 12594 | Gauntlet | Noticed a moth of wrath
 12600 | Gauntlet | Found a transporter.
 12601 | Gauntlet | Found a transporter.
 12602 | Gauntlet | Found a large runed translucent door.
 12603 | Gauntlet | Found a large runed translucent door.
 12605 | Gauntlet | Found a large runed translucent door.
 12605 | Gauntlet | Found a large runed translucent door.
 12606 | Gauntlet | Found a runed translucent gate.
 12607 | Gauntlet | Found a large runed translucent door.
 12607 | Gauntlet | Found a large runed translucent door.
 12607 | Gauntlet | Found a runed translucent door.
 12608 | Gauntlet | Found a large runed translucent door.
 12609 | Gauntlet | Found a large runed translucent door.
 12610 | Gauntlet | Found a runed translucent gate.
 12610 | Gauntlet | Found a transporter.
 12610 | Gauntlet | Found a transporter.
 12611 | Gauntlet | Found a runed translucent gate.
 12611 | Gauntlet | Found a runed translucent door.
 12613 | Gauntlet | Found a transporter.
 12622 | Gauntlet | Found a large runed translucent door.
 12622 | Gauntlet | Found a large runed translucent door.
 12623 | Gauntlet | Found a large runed translucent door.
 12624 | Gauntlet | Found a large runed translucent door.
 12651 | Gauntlet | Found a transporter.
 12669 | Gauntlet | Found a transporter.
 12715 | Gauntlet | Found a transporter.
 12729 | Gauntlet | Found a transporter.
 12830 | Gauntlet | Found a transporter.
 12844 | Gauntlet | Found a transporter.
 12860 | Gauntlet | Found a large runed translucent door.
 12860 | Gauntlet | Found a large runed translucent door.
 12861 | Gauntlet | Found a large runed translucent door.
 12862 | Gauntlet | Found a large runed translucent door.
 13000 | Gauntlet | Killed an arcanist
 13001 | Gauntlet | Reached skill level 10 in Armour
 13102 | Gauntlet | Killed a moth of wrath
 13191 | Gauntlet | Reached XP level 12. HP: 93/108 MP: 13/13
 13395 | Gauntlet | Identified the ring of Quanelu {^Drain Fly rC+ rCorr
                  | Stlth+}
 13405 | Gauntlet | Identified the amulet "Xadeown" {Spirit rElec}
 13405 | Gauntlet | Noticed a minotaur
 13433 | Gauntlet | Killed a minotaur
 13434 | Gauntlet | Reached skill level 17 in Axes
 14217 | D:3      | Killed kal9871's ghost
 14223 | D:3      | Killed Malachi's ghost
 14224 | D:3      | Killed mrali's ghost
 14228 | D:3      | Killed Jano's ghost
 14230 | D:3      | Killed unrecovered's ghost
 14356 | D:8      | Killed YordlordTheGreat's ghost
 14850 | D:1      | Bought a scroll of brand weapon for 104 gold pieces
 14850 | D:1      | Bought a scroll of fear for 44 gold pieces
 14850 | D:1      | Bought a scroll of enchant weapon for 82 gold pieces
 14850 | D:1      | Bought a scroll of teleportation for 33 gold pieces
 14850 | D:1      | Bought a scroll of teleportation for 33 gold pieces
 14962 | D:1      | Bought a scroll of teleportation for 33 gold pieces
 14962 | D:1      | Bought 3 scrolls of teleportation for 99 gold pieces
 14962 | D:1      | Bought 2 scrolls of brand weapon for 209 gold pieces
 14962 | D:1      | Bought a scroll of identify for 22 gold pieces
 14962 | D:1      | Bought a scroll of fear for 44 gold pieces
 14962 | D:1      | Bought a scroll of teleportation for 33 gold pieces
 15214 | Lair:1   | Entered Level 1 of the Lair of Beasts
 15736 | Lair:1   | Gained Herok as an ally
 15961 | Lair:1   | Found a sacrificial altar of Ru.
 17007 | Lair:2   | Noticed a seven-headed hydra
 17015 | Lair:2   | Killed a four-headed hydra
 17327 | Lair:2   | Noticed a boulder beetle
 17341 | Lair:2   | Killed a boulder beetle
 17811 | Lair:3   | Identified the +0 broad axe of the Imperium {flame, Int+2}
 17829 | Lair:3   | Reached skill level 18 in Axes
 17969 | Lair:3   | You are sucked into a shaft and drop 1 floor!
 17994 | Lair:4   | Reached XP level 13. HP: 115/119 MP: 12/14
 18100 | Lair:3   | Gained Agrik as an ally
 18271 | Lair:3   | Found a staircase to the Swamp.
 18721 | Lair:3   | Found a hole to the Spider Nest.
 18816 | Lair:3   | Your ally Agrik died
 19808 | Lair:4   | Identified the +4 orcbow of Tuoqogef {antimagic, ^Drain rF+
                  | rCorr}
 19828 | Lair:4   | Reached ****** piety under Beogh
 19928 | Lair:4   | Found a glowing golden altar of the Shining One.
 20366 | Lair:5   | Entered Level 5 of the Lair of Beasts
 20668 | Lair:5   | Found a staircase to the Slime Pits.
 20695 | Lair:5   | Reached skill level 19 in Axes
 20719 | Lair:5   | Found a viscous altar of Jiyva.
 20988 | Lair:5   | Gained Rocco as an ally
 21246 | Lair:5   | Reached XP level 14. HP: 115/132 MP: 15/15
 24138 | D:13     | Reached skill level 10 in Shields
 24854 | D:13     | Found a gate to the Vaults.
 25251 | D:13     | Reached skill level 20 in Axes
 26136 | D:13     | Reached skill level 15 in Fighting
 27010 | D:14     | Found a radiant altar of Vehumet.
 27039 | D:14     | Noticed Agnes
 27057 | D:14     | Killed Agnes
 27071 | D:14     | Reached XP level 15. HP: 63/141 MP: 7/16
 27332 | D:14     | Your ally Rocco died
 27676 | D:15     | Entered Level 15 of the Dungeon
 27690 | D:15     | Reached skill level 15 in Armour
 28045 | D:15     | Noticed a frost giant
 28048 | D:15     | Found a staircase to the Depths.
 28056 | D:15     | Killed a frost giant
 28057 | D:15     | Your ally Herok died
 28059 | D:15     | Gained Olfik as an ally
 28962 | D:15     | Upgraded the game from 0.32-a0-22-g6ae6769602 to
                  | 0.32-a0-30-gefbe487952
 29068 | Orc:1    | Entered Level 1 of the Orcish Mines
 29081 | Orc:1    | Noticed an orc warlord
 29101 | Orc:1    | Killed an orc warlord
 29102 | Orc:1    | Reached skill level 21 in Axes
 29347 | Orc:1    | Found a frozen archway.
 29362 | IceCv    | Entered an ice cave
 30257 | Orc:1    | Found a runed translucent gate.
 30257 | Orc:1    | Found a runed translucent gate.
 30258 | Orc:1    | Found a runed translucent gate.
 30258 | Orc:1    | Found an opulent altar of Gozag.
 30281 | Orc:1    | Noticed Morbidden's ghost (journeyman TrSh)
 30420 | Orc:1    | Killed Morbidden's ghost
 30547 | Orc:2    | Entered Level 2 of the Orcish Mines
 30550 | Orc:2    | Gained Wulfoc as an ally
 30568 | Orc:2    | Gained Olfrun as an ally
 30778 | Orc:2    | Found a staircase to the Elven Halls.
 30981 | Orc:2    | Found Liedocae's General Store.
 30983 | Orc:2    | Found Vanoriaheo's Distillery.
 30998 | Orc:2    | Bought a potion of heal wounds for 65 gold pieces
 30998 | Orc:2    | Bought a potion of lignification for 39 gold pieces
 30998 | Orc:2    | Bought a potion of might for 52 gold pieces
 30998 | Orc:2    | Bought a potion of mutation for 104 gold pieces
 30998 | Orc:2    | Bought a potion of ambrosia for 104 gold pieces
 31004 | Orc:2    | Bought 2 scrolls of fog for 88 gold pieces
 31004 | Orc:2    | Bought a potion of lignification for 33 gold pieces
 31368 | Orc:2    | Found Kuppuedd's Book Boutique.
 31368 | Orc:2    | Found a one-way gate leading to the halls of Pandemonium.
 31368 | Orc:2    | Found Ruta's Antique Armour Shop.
 31835 | Orc:2    | Identified the +8 kite shield of the Divine God {Fly rElec
                  | rPois rC+}
 31835 | Orc:2    | Noticed Donald
 31854 | Orc:2    | Killed Donald
 32449 | Swamp:1  | Entered Level 1 of the Swamp
 32482 | Swamp:1  | Noticed Kirke
 32485 | Swamp:1  | HP: 7/146 [bunyip (2)]
 32488 | Swamp:1  | HP: 3/146 [spriggan rider/+0 spear (14)]
 32488 | Swamp:1  | Mangled by a goliath frog

Illustrated notes

Levels and vault maps discovered:
D:1:      dpeg_arrival_ternary, layout_loops_ring, serial_shops,
          nicolae_shop_rolled_up, shop, nicolae_shop_behind_doors,
          nicolae_shop_stone, shop
D:2:      layout_loops_corners, minmay_tripent
D:3:      layout_loops_corners, trog_wizard, gammafunk_ghost_cemetery,
          minmay_increasing_density
D:4:      layout_loops_cross, zin_scriptorium, gammafunk_temple_overflow_claw,
          mainiacjoe_overflow_cross_hatched, nicolae_overflow_two_pavilions,
          serial_shops, nicolae_shop_industrial_runoff, ebering_ghost_sewer_f
D:5:      layout_layer_cave, nicolae_uskayaw_dance_hall, serial_shops,
          nicolae_shop_tiny_real_fake_doors, nicolae_ossuary_entry_plus,
          uniq_menkaure, uniq_blork_the_orc
D:6:      layout_loops_ring, minmay_temple_entry_fiery, gup_sewer_entry_pipe
D:7:      layout_basic, uniq_pikel, uniq_crazy_yiuf_cottage, uniq_prince_ribbit1
D:8:      layout_loops_corners, hellmonk_ghost_happy_afterlife,
          doesnt_shop_hydraphobe
D:9:      layout_roguey, minmay_misc_feat_doors, minmay_crystal_water
D:10:     layout_gridville, nicolae_gozag_cash_rules_everything_around_me,
          ploomutoo_gammafunk_ghost_potion_laboratory,
          nicolae_shop_firing_range, uniq_fannar
D:11:     layout_roguey, lair_entry_dummy, david_orc_4, gauntlet_entry_generic
D:12:     layout_layer_cave
D:13:     kennysheep_windowed_halls, layout_basic, hellmonk_vaults_keyhole
D:14:     layout_rooms, fiery_altar_vehumet, uniq_agnes
D:15:     hellmonk_depths_entry_around_the_bend, layout_small_grid,
          small_statue_intersection
Temple:   hellmonk_temple_flake
Lair:1:   layout_roguey, lemuel_centaur_altar, grunt_megastairs_5,
          serial_bayou_shore_b, wad_woods_river_01, infiniplex_staircase_pool_2,
          lemuel_fruit_fields
Lair:2:   layout_gridlike
Lair:3:   layout_small_grid, swamp_mist_pool, nicolae_spider_entry_orb_guardian,
          eino_small_chamber_without_monster, nzn_sisyphean_effort,
          infiniplex_staircase_pool
Lair:4:   layout_big_grid, basic_altar, lemuel_fruit_fields, grunt_megastairs_1,
          lemuel_fruit_tree, serial_bayou_shore_b
Lair:5:   minmay_lair_end_frog_pond, layout_hall_layers, slime_entry_1,
          serial_bayou, serial_bayou_lake_a, serial_bayou_ford_a,
          serial_bayou_shore_b, serial_bayou_lagoon_a
Swamp:1:  layout_falls_marsh, hangedman_swamp_ruin_wall, swamp_pool_1_2,
          uniq_kirke
Orc:1:    layout_diamond_mine, ebering_ghost_gozag,
          portal_ice_cave_demonic_guard
Orc:2:    pf_orc_diabolical, layout_caves, special_room, uniq_donald

Skill      XL: |  1  2  3  4  5  6  7  8  9 10 11 12 13 14 15 |
---------------+----------------------------------------------+-----
Axes           | 3 4 5 7 8 10 12 14 16 18 19 20 21 | 21.6
Shields        | 4 5 6 7 8 9 10 11 | 11.5
Armour         | 4 5 7 8 9 10 11 13 14 15 | 15.7
Fighting       | 4 5 6 7 9 10 12 14 15 16 | 16.9
Invocations    | 1 2 3 |  3.1

Action                     |  1- 3 |  4- 6 |  7- 9 | 10-12 | 13-15 || total
---------------------------+-------+-------+-------+-------+-------++-------
  Melee: War axe           |   103 |   129 |   381 |   697 |       ||  1310
         Broad axe         |       |       |       |    51 |   807 ||   858
  Throw: Throwing net      |       |       |       |       |     1 ||     1
 Invoke: Convert to Beogh  |       |       |     1 |       |       ||     1
         Recall Orcish Fol |       |       |       |     3 |    22 ||    25
         Resurrection      |       |       |       |       |     2 ||     2
         Give Item to Name |       |       |       |       |     1 ||     1
         Stop Recall       |       |       |       |       |     1 ||     1
  Evoke: Wand              |       |       |       |       |     7 ||     7
    Use: Potion            |       |     4 |     5 |     3 |    16 ||    28
         Scroll            |       |     4 |     6 |    12 |    14 ||    36
   Stab: Distracted        |       |       |       |     5 |    12 ||    17
         Confused          |       |       |       |     4 |       ||     4
         Paralysed         |       |       |       |       |     8 ||     8
         Held in net/web   |       |       |       |       |     1 ||     1
 Armour: Scale mail        |    59 |    66 |       |       |       ||   125
         Chain mail        |       |    36 |   292 |   422 |   677 ||  1427
  Dodge: Dodged            |    45 |    54 |   161 |   247 |   235 ||   742
  Block: Buckler           |    16 |    26 |    49 |   102 |   168 ||   361

Table legend: (Time is in decaauts)
 A = Elapsed time spent in this place.
 B = Non-inter-level travel time spent in this place.
 C = Inter-level travel time spent in this place.
 D = Time resting spent in this place.
 E = Time spent auto-exploring this place.
 F = Levels seen in this place.
 G = Mean time per level.
                   A        B        C        D        E       F      G
               +--------+--------+--------+--------+--------+-----+--------+
         Total |  32000 |  29059 |   2941 |   5367 |  16119 |  28 | 1142.9 |
       Dungeon |  19606 |  17300 |   2306 |   2385 |  10811 |  15 | 1307.1 |
        Temple |     17 |     17 |      0 |      0 |      0 |   1 |   17.0 |
          Lair |   7169 |   6760 |    409 |   1270 |   3889 |   5 | 1433.8 |
         Swamp |     20 |     20 |      0 |      0 |      0 |   1 |   20.0 |
  Orcish Mines |   2724 |   2499 |    225 |    852 |    974 |   2 | 1362.0 |
         Sewer |    297 |    297 |      0 |      0 |      7 |   1 |  297.0 |
       Ossuary |    552 |    552 |      0 |    223 |    121 |   1 |  552.0 |
      Ice Cave |    496 |    496 |      0 |    269 |     11 |   1 |  496.0 |
      Gauntlet |   1116 |   1116 |      0 |    368 |    306 |   1 | 1116.0 |
               +--------+--------+--------+--------+--------+-----+--------+

Top non-repeatable levels by time:
    D:13: 2605 daAuts
  Lair:5: 2027 daAuts
   Orc:2: 1756 daAuts
     D:3: 1630 daAuts
  Lair:1: 1496 daAuts
     D:7: 1482 daAuts
     D:5: 1366 daAuts
  Lair:3: 1362 daAuts
     D:1: 1362 daAuts
    D:12: 1354 daAuts
    D:15: 1271 daAuts
     D:8: 1271 daAuts
  Lair:4: 1229 daAuts
     D:4: 1195 daAuts
    D:14: 1193 daAuts
